AoeStats
← Oldspice

Nomad

503293943Analyzed
4v4 RM · 1mo ago on Aug 31, 2026· 56m 19s· 8 players
Game mode
Random Map
Map size
231×231
Population
200
Speed
Normal
Resources
Standard
Victory
Conquest
Starting age
Dark Age
Ending age
Imperial Age
RankedLock teamsTeams togetherTeam positionsShared explorationLock speedFull tech treeHidden civsTurbo modeCheats
Victory
Defeat
🇨🇴 Cumans · Colombia
1607
+13
🇺🇸 Khmer · United States
1534
+16
🇨🇦 Vikings · Canada
1527
+17
🇧🇷 Romans · Brazil
1483
+19
🇧🇷 Turks · Brazil
1627
-20
🇧🇷 Goths · Brazil
1568
-17
🇧🇷 Teutons · Brazil
1511
-15
🇧🇷 Bulgarians · Brazil
1470
-13
mRmaxime
5:16 Loom
13:46 Feudal Age
14:27 Double-Bit Axe
14:33 Gold Mining
17:49 Fletching
22:04 Castle Age
22:44 Bodkin Arrow
23:31 Medium Warships
24:18 Bow Saw
24:21 Man-at-Arms
25:04 Scale Mail Armor
25:01 Long Swordsman
25:28 Gambesons
31:15 Stone Mining
31:11 Horse Collar
33:45 Forging
39:05 Squires
40:13 Town Watch
42:35 Gold Shaft Mining
47:35 Imperial Age
45:10 Arson
45:11 Gambesons
46:56 Town Patrol
46:58 Chieftains
47:15 Chain Mail Armor
47:35 Iron Casting
47:53 Elite Berserk
49:34 Conscription
49:47 Plate Mail Armor
50:18 Blast Furnace
50:06 Fortified Wall
49:54 Murder Holes
49:41 Capped Ram
51:10 Siege Ram
52:30 Masonry
53:19 Two-Handed Swordsman
56:19 Architecture
56:52 Two-Man Saw
Oldspice
12:15 Feudal Age
15:24 Castle Age
16:21 Scale Barding Armor
17:54 Loom
20:41 Horse Collar
20:49 Double-Bit Axe
26:09 Bloodlines
27:53 Fletching
30:36 Wheelbarrow
31:20 Chain Barding Armor
31:22 Husbandry
32:29 Gold Mining
35:15 Heavy Plow
39:32 Imperial Age
38:32 Padded Archer Armor
38:58 Ballistics
39:44 Gold Shaft Mining
40:06 Elite Ballista Elephant
41:34 Conscription
41:54 Devotion
43:43 Siege Engineers
45:04 Chemistry
44:38 Hand Cart
44:51 Leather Archer Armor
45:12 Light Cavalry
46:00 Hussar
47:38 Ring Archer Armor
47:44 Plate Barding Armor
49:07 Forging
49:28 Bodkin Arrow
50:21 Heated Shot
52:44 Parthian Tactics
53:04 Iron Casting
54:06 Scale Mail Armor
54:21 Double Crossbow
54:00 Pikeman
54:48 Halberdier
55:47 Chain Mail Armor
PoopMaster
5:02 Loom
54:02 Feudal Age
58:51 Castle Age
Ux'LeonzAoe
5:26 Loom
13:14 Feudal Age
13:52 Double-Bit Axe
13:48 Horse Collar
17:48 Wheelbarrow
16:59 Town Watch
19:13 Fletching
19:21 Gold Mining
24:24 Castle Age
23:50 Scale Barding Armor
23:56 Forging
24:46 Bloodlines
26:04 Chain Barding Armor
27:05 Bow Saw
26:56 Heavy Plow
29:07 Herbal Medicine
31:23 Iron Casting
31:54 Devotion
33:00 Bodkin Arrow
34:05 Ballistics
34:32 Padded Archer Armor
38:30 Imperial Age
37:48 Leather Archer Armor
38:36 Gold Shaft Mining
38:24 Thumb Ring
38:45 Elite Kipchak
40:39 Chemistry
40:38 Parthian Tactics
40:49 Conscription
42:22 Masonry
43:12 Murder Holes
43:51 Crop Rotation
44:22 Two-Man Saw
44:36 Ring Archer Armor
43:32 Light Cavalry
44:48 Plate Barding Armor
45:14 Blast Furnace
45:19 Hand Cart
45:19 Hussar
46:01 Steppe Husbandry
50:54 Blast Furnace
49:52 Heated Shot
50:58 Coinage
52:44 Banking
53:23 Cavalier
54:33 Paladin
Flash_br
4:31 Loom
11:56 Feudal Age
13:51 Forging
15:01 Double-Bit Axe
21:58 Castle Age
21:59 Horse Collar
22:56 Medium Warships
23:53 Fishing Lines
24:52 Clinker Construction
24:52 Careening
24:54 Fletching
25:53 Bodkin Arrow
27:21 Ballistics
31:27 Bow Saw
33:31 Stone Mining
34:42 Wheelbarrow
35:46 Fervor
35:33 Gold Mining
37:13 Gillnets
41:19 Imperial Age
38:59 Town Watch
40:07 Hand Cart
40:35 Scale Barding Armor
41:05 Iron Casting
40:59 Husbandry
41:10 Bloodlines
42:12 Chain Barding Armor
42:19 Bracer
44:12 Blast Furnace
44:34 Padded Archer Armor
45:09 Plate Barding Armor
44:32 Heavy Camel Rider
46:20 Conscription
46:41 Artillery
49:10 Masonry
51:18 Sipahi
51:36 Hoardings
52:30 Guard Tower
53:01 Bombard Tower
53:39 Architecture
53:36 Caravan
54:09 Coinage
55:27 Two-Man Saw
54:28 Heavy Plow
55:04 Gold Shaft Mining
GuguBot
4:43 Loom
13:35 Feudal Age
18:55 Double-Bit Axe
19:14 Fishing Lines
20:08 Fletching
25:25 Scale Mail Armor
25:36 Forging
26:08 Scale Barding Armor
29:08 Castle Age
27:28 Bloodlines
29:25 Gold Mining
30:08 Medium Warships
29:36 Light Cavalry
30:17 Husbandry
31:00 Clinker Construction
34:22 Careening
38:53 Stirrups
41:02 Bodkin Arrow
42:06 Gillnets
46:50 Imperial Age
46:37 Chain Barding Armor
47:48 Iron Casting
49:55 Imperial Age
48:20 Pikeman
49:01 Squires
48:46 Gambesons
49:17 Chain Mail Armor
50:01 Coinage
51:39 Chemistry
50:06 Onager
52:18 Conscription
54:30 Ballistics
Fs.MaRcOs.BoMbEirO
3:49 Loom
13:22 Feudal Age
17:03 Castle Age
16:16 Double-Bit Axe
17:33 Scale Mail Armor
17:58 Bow Saw
19:36 Chain Mail Armor
26:10 Pikeman
27:12 Forging
29:57 Iron Casting
32:31 Wheelbarrow
32:47 Squires
37:37 Imperial Age
39:25 Blast Furnace
38:43 Gold Mining
38:35 Horse Collar
40:02 Chemistry
39:37 Fletching
40:56 Hand Cart
42:30 Bodkin Arrow
42:36 Padded Archer Armor
42:19 Elite Skirmisher
43:29 Bracer
43:52 Ballistics
46:44 Conscription
49:28 Perfusion
54:20 Halberdier
[cM] fcasalen
5:06 Loom
12:22 Feudal Age
17:32 Castle Age
16:44 Double-Bit Axe
19:00 Horse Collar
21:25 Pikeman
25:10 Wheelbarrow
26:55 Bow Saw
27:17 Fletching
43:16 Town Watch
49:00 Imperial Age
46:59 Gold Mining
47:00 Stone Mining
49:50 Bloodlines
49:47 Scale Barding Armor
49:05 Cavalier
50:35 Forging
50:46 Chain Barding Armor
53:04 Chemistry
53:14 Plate Barding Armor
Connection lost

Rejoining the realm…

Still unreachable

The connection could not be restored.

Session expired

The server has moved on; the page needs a fresh start.